 Dungeon Crawl Stone Soup version 0.31-a0-204-g7da18cac08 (webtiles) character file.

Game seed: 3416020738402893797

329 bmack86 the Cleaver (level 6, -9/51 HPs)
             Began as a Minotaur Fighter on June 27, 2023.
             Killed by divine providence
             ... invoked by an orc priest
              (14 damage)
             ... on level 4 of the Dungeon on June 28, 2023.
             The game lasted 00:08:05 (3251 turns).

bmack86 the Cleaver (Minotaur Fighter)              Turns: 3251, Time: 00:08:05

Health: -9/51      AC:  9    Str: 23    XL:     6   Next: 25%
Magic:  5/5        EV:  9    Int:  5    God:
Gold:   149        SH:  0    Dex:  9    Spells: 5/5 levels left

rFire   . . .        a - +0 war axe
rCold   . . .        c - +0 buckler
rNeg    . . .        b - +0 scale mail
rPois   .            (helmet restricted)
rElec   .            s - +0 cloak
rCorr   .            (no gloves)
SInv    .            g - +0 pair of boots
Will    .....        (no amulet) Stlth
                     (no ring)
HPRegen 0.28/turn    (no ring)
MPRegen 0.09/turn

%: no passive effects
@: confused
A: horns 2, retaliatory headbutt
a: no special abilities


You were on level 4 of the Dungeon.
You visited 1 branch of the dungeon, and saw 4 of its levels.

You collected 149 gold pieces.

Inventory:

Hand Weapons
 a - a +0 war axe (weapon)
Armour
 b - a +0 scale mail (worn)
 c - a +0 buckler (worn)
 g - a +0 pair of boots (worn)
 s - a +0 cloak (worn)
Jewellery
 l - a ring of fire
 o - an amulet of magic regeneration
 t - a ring of fire
Wands
 v - a wand of flame (9)
 y - a wand of charming (11)
Scrolls
 h - a scroll of vulnerability {unknown}
 r - a scroll of brand weapon {unknown}
 z - a scroll of torment {unknown}
Potions
 d - a potion of might
 e - a potion of brilliance {unknown}
 f - a potion of enlightenment {unknown}
 i - a potion of magic {unknown}
 j - 2 potions of attraction
 m - 2 potions of lignification
 n - 2 potions of degeneration
 p - a potion of haste {unknown}
 q - 2 potions of curing
 u - 2 potions of heal wounds
 w - a potion of ambrosia {unknown}
 x - 2 potions of mutation {unknown}


   Skills:
 - Level 3.6 Fighting
 + Level 8.1 Axes
 - Level 3.6 Armour
 - Level 3.6 Shields


You had 5 spell levels left.
You didn't know any spells.
Your spell library contained the following spells:

 Spells                   Type           Power      Damage    Failure   Level
 Apportation              Tloc           0%         N/A       85%         1
 Cigotuvi's Dreadful Rot  Necr/Pois/Air  0%         N/A       94%         2
 Momentum Strike          Conj/Tloc      0%         3d8       94%         2
 Ozocubu's Armour         Ice            0%         N/A       99%         3
 Dispel Undead            Necr           0%         3d6       100%        4
 Alistair's Intoxication  Tmut/Pois      0%         N/A       100%        5
 Borgnjor's Vile Clutch   Necr/Erth      0%         N/A       100%        5
 Metabolic Englaciation   Hex/Ice        0%         N/A       100%        5
 Death Channel            Necr           0%         N/A       100%        6
 Eringya's Noxious Bog    Tmut/Pois      0%         N/A       100%        6
 Simulacrum               Ice/Necr       0%         N/A       100%        6


Dungeon Overview and Level Annotations

Branches:
Dungeon (4/15)
 Temple: D:4-7

Altars:
Ashenzari
Cheibriados
Uskayaw

Shops:
D:1 (

Annotations:
D:4 1 runed translucent door, Scheity's ghost, weakling MiFi


Innate Abilities, Weirdness & Mutations

You have a pair of horns on your head.
You reflexively headbutt those who attack you in melee.


Message History

The orc priest begins to cast a cantrip, but forgets the words!
You barely miss the orc priest. You hit the orc priest.
The orc priest calls upon Beogh to heal the orc priest.
The orc priest's wounds heal themselves!
The orc priest mumbles some strange prayers to Beogh against you.
Beogh smites you!
* * * LOW HITPOINT WARNING * * *
The orc priest hits you but does no damage.
The orc wizard gestures wildly while chanting.
The orc wizard flickers and vanishes!
Deactivating autopickup; reactivate with Ctrl-A.
The orc priest hits you but does no damage.
You closely miss the orc priest. Your headbutt misses the orc priest.
You barely miss the orc priest.
The orc priest casts a cantrip, but nothing happens.
You hear some strange, mumbled words.
You are confused.
The orc priest hits you with a +0 hand axe.
* * * LOW HITPOINT WARNING * * *
The orc priest hits you with a +0 short sword.
* * * LOW HITPOINT WARNING * * *
Unknown command.
You bump into the rock wall.
Something hits you.
* * * LOW HITPOINT WARNING * * *
The orc priest hits you with a +0 hand axe.
* * * LOW HITPOINT WARNING * * *
The orc priest hits you but does no damage.
The orc priest barely misses you. The orc priest misses you.
Unknown command.
You're too confused to move!
Something hits you.
* * * LOW HITPOINT WARNING * * *
The orc priest closely misses you.
The orc priest hits you but does no damage.
Unknown command.
You barely miss the orc priest. You hit the orc priest.
You barely miss something. Something hits you but does no damage.
The orc priest hits you but does no damage.
The orc priest invokes the aid of Beogh against you.
Beogh smites you!
You die...

#.... .## #.#..
...# ##.#.##...#
.....#...#
#.#..#...#
#.#......#
######.oo....#
.......{@...###.###
##
#########..#.......
.# #.#.# ... .#
##... ...#.# # .#
#...# #####.#####
.# #...#
#.))...#WP# .#
#...# #.##...+?8#
.#
#...####.###..#.P#
.#
#...##.#.##.).####


You could see 2 orc priests.

Vanquished Creatures
  A phantom (D:4)
  Crazy Yiuf (D:2)
  An orc priest (D:4)
  A sleepcap (D:4)
  Jessica (D:2)
  Robin (D:2)
  3 adders
  A worm (D:3)
  3 dart slugs
  An orc (D:4)
  10 ball pythons
  11 endoplasms
  4 giant cockroaches
  13 goblins
  7 hobgoblins
  10 kobolds
  7 quokkas
  5 bats
  A frilled lizard (D:1)
  2 rats (D:2)
84 creatures vanquished.

Notes
Turn   | Place    | Note
-------+----------+-------------------------------------------
     0 | D:1      | bmack86 the Minotaur Fighter began the quest for the Orb.
     0 | D:1      | Reached XP level 1. HP: 19/19 MP: 0/0
   255 | D:1      | Reached skill level 3 in Axes
   294 | D:1      | Reached XP level 2. HP: 23/26 MP: 1/1
   324 | D:1      | Found Zevib's Weapon Emporium.
   723 | D:1      | Reached skill level 4 in Axes
   979 | D:2      | Reached XP level 3. HP: 31/31 MP: 2/2
  1346 | D:2      | Found a snail-covered altar of Cheibriados.
  1401 | D:2      | Reached skill level 5 in Axes
  1405 | D:2      | Noticed Robin
  1417 | D:2      | Reached XP level 4. HP: 27/39 MP: 3/3
  1420 | D:2      | Killed Robin
  1489 | D:2      | Noticed Jessica
  1494 | D:2      | Killed Jessica
  1498 | D:2      | Got Jessica's Textbook on Direction
  1520 | D:2      | Reached skill level 6 in Axes
  1694 | D:2      | Found a runed translucent door.
  1695 | D:2      | Noticed Crazy Yiuf
  1830 | D:2      | Killed Crazy Yiuf
  1831 | D:2      | Reached XP level 5. HP: 31/45 MP: 4/4
  2272 | D:3      | Found a broken altar of Ashenzari.
  2272 | D:3      | Found a hide-covered altar of Uskayaw.
  2866 | D:4      | Identified the +4 whip of Inconvenience {flame, rC++ rN+
                  | SInv}
  3108 | D:4      | Reached skill level 7 in Axes
  3183 | D:4      | Found a runed translucent door.
  3183 | D:4      | Noticed Scheity's ghost (weakling MiFi)
  3184 | D:4      | Noticed a phantom
  3200 | D:4      | Killed a phantom
  3201 | D:4      | Reached XP level 6. HP: 18/51 MP: 5/5
  3233 | D:4      | Reached skill level 8 in Axes
  3251 | D:4      | Killed from afar by an orc priest

Illustrated notes

Levels and vault maps discovered:
D:1:      dpeg_arrival_stone_temple_mockup, layout_loops_corners, serial_shops,
          nicolae_shop_tiny_real_fake_doors, chequers_serial_rivers_micro_b,
          minmay_domino_2
D:2:      layout_loops_ring, basic_altar, serial_bayou_lagoon_a,
          grunt_decor_mini_mirrors, kennysheep_jessica_study,
          uniq_crazy_yiuf_cottage, uniq_robin
D:3:      layout_loops_corners, gammafunk_temple_overflow_elements
D:4:      minmay_evil_eye, layout_loops_cross, gammafunk_ghost_grave,
          serial_shops, shop

Skill      XL: |  1  2  3  4  5  6 |
---------------+-------------------+-----
Axes           | 3 4 5 6 7 8 |  8.1
Fighting       | |  3.6
Armour         | |  3.6
Shields        | |  3.6

Action                     |  1- 3 |  4- 6 || total
---------------------------+-------+-------++-------
  Melee: War axe           |    80 |   100 ||   180
         Headbutt          |    13 |    10 ||    23
    Use: Scroll            |       |     5 ||     5
 Armour: Scale mail        |    46 |    46 ||    92
  Dodge: Dodged            |    52 |    49 ||   101
  Block: Buckler           |    17 |    22 ||    39

Table legend: (Time is in decaauts)
 A = Elapsed time spent in this place.
 B = Non-inter-level travel time spent in this place.
 C = Inter-level travel time spent in this place.
 D = Time resting spent in this place.
 E = Time spent auto-exploring this place.
 F = Levels seen in this place.
 G = Mean time per level.
                   A        B        C        D        E       F      G
               +--------+--------+--------+--------+--------+-----+--------+
         Total |   3300 |   3154 |    146 |     22 |   2427 |   4 |  825.0 |
       Dungeon |   3300 |   3154 |    146 |     22 |   2427 |   4 |  825.0 |
               +--------+--------+--------+--------+--------+-----+--------+

Top non-repeatable levels by time:
     D:2: 1051 daAuts
     D:1: 944 daAuts
     D:3: 862 daAuts
     D:4: 443 daAuts
